 Dungeon Crawl Stone Soup version 0.30-a0-630-g881e3bac89 (webtiles) character file.

Game seed: 13648516686947360414

343 HunieBunnie the Scratcher (level 6, 28/28 HPs)
             Began as a Felid Berserker on Jan 13, 2023.
             Was a Believer of Trog.
             Quit the game on level 5 of the Dungeon on Feb 25, 2023.
             The game lasted 00:26:56 (3236 turns).

HunieBunnie the Scratcher (Felid Berserker)         Turns: 3236, Time: 00:26:57

Health: 28/28      AC:  2    Str: 13    XL:     6   Next: 31%
Magic:  7/7        EV: 20    Int:  9    God:    Trog [**....]
Gold:   213        SH:  0    Dex: 17    Spells: 5/5 levels left
                                        Lives:  1   Deaths: 1

rFire   . . .      SeeInvis +      - Unarmed
rCold   . . .      Faith    .    (shield unavailable)
rNeg    . . .      Spirit   .    (body armour unavailable)
rPois   .          Reflect  .    (helmet unavailable)
rElec   .          Harm     .    (cloak unavailable)
rCorr   .          Rampage  .    (gloves unavailable)
Will    .....                    (boots unavailable)
Stlth   +++                      (no amulet)
HPRegen 0.24/turn                (no ring)
MPRegen 0.10/turn                (no ring)

@: quick
A: very small, claws 1, fangs 3, see invisible, speed 1, shaggy fur 2, stealthy
paws, no weapons or thrown items, no armour, multi-lived
a: Renounce Religion, Berserk, Trog's Hand


You were on level 5 of the Dungeon.
You worshipped Trog.
Trog was pleased with you.
You visited 1 branch of the dungeon, and saw 5 of its levels.
You also visited: Sewer.

You collected 213 gold pieces.

Inventory:

Wands
 r - a wand of flame (23)
Scrolls
 b - a scroll of immolation {unknown}
 f - a scroll of vulnerability {unknown}
 h - a scroll of torment {unknown}
 i - a scroll of amnesia {unknown}
 l - a scroll of blinking {unknown}
 m - a scroll of brand weapon {unknown}
 q - a scroll of teleportation {unknown}
 s - a scroll of fog {unknown}
 u - a scroll of magic mapping
Potions
 a - 4 potions of might
 c - 5 potions of mutation
 d - a potion of cancellation {unknown}
 e - a potion of berserk rage
 g - 3 potions of curing
 j - a potion of heal wounds {unknown}
 k - a potion of lignification {unknown}
 n - 2 potions of ambrosia {unknown}
 o - 3 potions of flight {unknown}
 p - a potion of haste {unknown}
 t - a potion of attraction {unknown}
 v - a potion of magic {unknown}


   Skills:
 + Level 3.7 Fighting
 + Level 6.1 Dodging
 + Level 4.4 Stealth
 + Level 6.6 Unarmed Combat


You had 5 spell levels left.
You didn't know any spells.
Your spell library was empty.

Dungeon Overview and Level Annotations

Branches:
Dungeon (5/15)              Sewer (visited)
 Temple: D:4-7

Altars:
Dithmenos
Elyvilon
Ru
Vehumet

Shops:
D:4 [


Innate Abilities, Weirdness & Mutations

You have sharp claws.
You have razor-sharp teeth.
You have supernaturally acute eyesight. (SInv)
You cover ground quickly. (Speed+)
You are covered in thick fur. (AC +2)
Your paws help you pounce on unaware monsters.
You are incapable of wielding weapons or throwing items.
You cannot wear armour.
You gain extra lives every three experience levels.


Message History

The gnoll sergeant blocks your attack.
You feel sick.
You claw the gnoll sergeant!
The gnoll sergeant is moderately wounded.
You feel sick. The hound misses you. The hound bites you.
The orc completely misses you.
The gnoll sergeant completely misses you.
The hound misses you. The hound barely misses you.
The gnoll sergeant blocks your attack.
The gnoll sergeant is moderately wounded.
You feel sick.
The howler monkey hoots and howls with incredible vigour!
The hound bites you. The orc closely misses you.
The gnoll sergeant hits you with a +3 spear of venom!
You are more poisoned.
The hound completely misses you.
You scratch the gnoll sergeant.
The gnoll sergeant is heavily wounded.
You feel sick. The hound bites you.
You scratch the gnoll sergeant but do no damage.
The gnoll sergeant is heavily wounded.
You feel sick. The hound barely misses you. The gnoll sergeant misses you.
The orc completely misses you. The necrophage closely misses you.
The gnoll sergeant blocks your attack.
The gnoll sergeant is heavily wounded.
You feel sick. The hound misses you. x2
You scratch the gnoll sergeant but do no damage.
The gnoll sergeant is heavily wounded.
You feel sick. The hound bites you but does no damage.
An orc priest comes into view. It is wielding a +0 club.
The orc hits you from afar with a +0 trident.
* * * LOW HITPOINT WARNING * * *
The gnoll sergeant hits you with a +3 spear of venom.
You die...
You are more poisoned.
The necrophage hits you but does no damage.
The hound misses you.
You are now level 6!
You rejoin the land of the living...
Unknown command.
Are you sure you want to abandon this character and quit the game? (Confirm with "yes".)

#...........#
#.....:.....#
#......######
#......'....#
#......#....#
##'#####...####### #.
#.........#.....###..
#.........#.....#~~..
#...@.....'.....#~..♣
#.........#..........
#....##...#.......♣._
#....##!<.###........
#....##.....#...#~..♣
#....##.....#...#~~..
#.....+.....#...###..
#.....#.....#........
#.....#...<.#.......#


There were no monsters in sight!

Vanquished Creatures
  Menkaure (D:4)
  An ogre (D:5)
  A phantom (D:5)
  A necrophage (D:5)
  A scorpion (D:4)
  An orc priest (D:5)
  A hound (D:5)
  An orc wizard (D:3)
  6 adders
  A shadow imp (D:5)
  A white imp (D:5)
  2 worms
  4 dart slugs
  11 orcs
  6 bats
  11 endoplasms
  7 giant cockroaches
  10 goblins
  11 hobgoblins
  7 kobolds
  2 quokkas (D:1)
  5 ball pythons
  7 frilled lizards
  6 rats
105 creatures vanquished.

Vanquished Creatures (others)
  A quokka (D:5)
1 creature vanquished.

Grand Total: 106 creatures vanquished

Notes
Turn   | Place    | Note
-------+----------+-------------------------------------------
     0 | D:1      | HunieBunnie the Felid Berserker began the quest for the
                  | Orb.
     0 | D:1      | Reached XP level 1. HP: 10/10 MP: 2/2
   122 | D:1      | Reached XP level 2. HP: 14/14 MP: 3/3
   428 | D:1      | Reached XP level 3. HP: 17/17 MP: 4/4
   650 | D:1      | Found a radiant altar of Vehumet.
  1172 | D:2      | Reached skill level 5 in Dodging
  1283 | D:2      | Reached XP level 4. HP: 21/21 MP: 5/5
  1657 | D:3      | Found a sacrificial altar of Ru.
  1762 | D:3      | Reached skill level 1 in Stealth
  1766 | D:3      | Reached ** piety under Trog
  1947 | D:3      | Found a shadowy altar of Dithmenos.
  2183 | D:4      | Found a glowing drain.
  2222 | D:4      | Reached XP level 5. HP: 24/24 MP: 6/6
  2233 | Sewer    | Entered a sewer
  2409 | D:4      | Reached skill level 5 in Unarmed Combat
  2446 | D:4      | Noticed Menkaure
  2455 | D:4      | Killed Menkaure
  2456 | D:4      | Gained mutation: You are covered in thick fur. (AC +2)
                  | [Felid growth]
  2456 | D:4      | Reached XP level 6. HP: 28/28 MP: 7/7
  2616 | D:4      | Found Cetu's Antique Armour Shoppe.
  2836 | D:4      | Identified the +9 dagger of Discomfort {chaos, rElec Int+3}
  2979 | D:5      | Entered Level 5 of the Dungeon
  3037 | D:5      | Found a white marble altar of Elyvilon.
  3201 | D:5      | Reached XP level 7. HP: 30/31 MP: 8/8
  3235 | D:5      | Slain by a gnoll sergeant
  3236 | D:5      | Reached XP level 6. HP: 0/42 MP: 7/7
  3236 | D:5      | Quit the game

Illustrated notes

Levels and vault maps discovered:
D:1:      sevenhm_arrival_forest_fort_small_6, layout_loops_ring
D:2:      layout_loops_ring, serial_rivers, chequers_serial_rivers_micro_a,
          chequers_serial_rivers_micro_b, chequers_serial_rivers_room_a,
          chequers_serial_rivers_small_3, minmay_pentomino_u4
D:3:      layout_rooms, lemuel_doored_altar, mainiacjoe_overflow_chevrons
D:4:      layout_loops_ring, gup_sewer_entry_glass, serial_shops, shop,
          uniq_menkaure
D:5:      layout_gridville, elyvilon_altar_4, dk_vineyard_3, minmay_pentangle,
          uniq_grinder

Skill      XL: |  1  2  3  4  5  6  7 |
---------------+----------------------+-----
Dodging        | 5 6 |  6.1
Unarmed Combat | 4 5 6 |  6.6
Stealth        | 2 3 4 |  4.4
Fighting       | |  3.7

Action                   |  1- 3 |  4- 6 |  7- 9 || total
-------------------------+-------+-------+-------++-------
Melee: Unarmed           |    94 |   138 |    14 ||   246
       Bite              |     8 |     9 |       ||    17
       Punch             |     2 |     8 |     2 ||    12
Invok: Berserk           |     9 |    11 |     1 ||    21
  Use: Scroll            |     7 |     2 |       ||     9
       Potion            |       |     2 |       ||     2
 Stab: Sleeping          |     5 |     4 |       ||     9
Armor: Skin              |     7 |     2 |     2 ||    11
Dodge: Dodged            |    83 |    82 |    24 ||   189

Table legend: (Time is in decaauts)
 A = Elapsed time spent in this place.
 B = Non-inter-level travel time spent in this place.
 C = Inter-level travel time spent in this place.
 D = Time resting spent in this place.
 E = Time spent auto-exploring this place.
 F = Levels seen in this place.
 G = Mean time per level.
                   A        B        C        D        E       F      G
               +--------+--------+--------+--------+--------+-----+--------+
         Total |   2881 |   2789 |     92 |     69 |   1668 |   6 |  480.2 |
       Dungeon |   2753 |   2661 |     92 |     32 |   1666 |   5 |  550.6 |
         Sewer |    128 |    128 |      0 |     37 |      2 |   1 |  128.0 |
               +--------+--------+--------+--------+--------+-----+--------+

Top non-repeatable levels by time:
     D:1: 748 daAuts
     D:4: 665 daAuts
     D:2: 661 daAuts
     D:3: 442 daAuts
     D:5: 235 daAuts
   Sewer: 128 daAuts
